AoeStats
← Elite Viking

Hill Fort

506438380Analyzed
3v3 RM · 19d ago on Sep 13, 2026· 73m 57s· 6 players
Game mode
Random Map
Map size
Normal (6 player)
Population
200
Speed
Normal
Resources
Standard
Victory
Conquest
Starting age
Dark Age
Ending age
Imperial Age
RankedLock teamsTeams togetherTeam positionsShared explorationLock speedFull tech treeHidden civsTurbo modeCheats
Victory
Defeat
🇲🇦 Britons · Morocco
1106
+11
🇲🇦 Wei · Morocco
1059
+13
🇲🇦 Jurchens · Morocco
1018
+13
🇿🇦 Mapuche · South Africa
990
-13
🇿🇦 Spanish · South Africa
983
-12
🇿🇦 Goths · South Africa
978
-12
Poketale
11:24 Feudal Age
14:30 Double-Bit Axe
15:05 Horse Collar
18:32 Castle Age
17:10 Loom
17:36 Gold Mining
20:03 Bow Saw
19:48 Stone Mining
19:46 Town Watch
20:41 Wheelbarrow
22:06 Town Patrol
23:11 Heavy Plow
24:53 Hand Cart
26:21 Tuntian
28:48 Scale Barding Armor
28:54 Forging
32:48 Imperial Age
32:09 Chain Barding Armor
31:52 Fletching
32:10 Thumb Ring
32:29 Ballistics
33:45 Iron Casting
33:27 Bodkin Arrow
33:34 Padded Archer Armor
34:48 Chemistry
34:30 Bloodlines
34:20 Husbandry
35:57 Blast Furnace
35:58 Parthian Tactics
35:50 Bracer
36:34 Conscription
38:18 Blast Furnace
37:57 Ming Guang Armor
37:27 Elite Tiger Cavalry
39:39 Hoardings
47:49 Caravan
50:10 Light Cavalry
55:53 Scale Mail Armor
56:09 Leather Archer Armor
57:53 Hussar
60:38 Masonry
60:10 Treadmill Crane
60:30 Murder Holes
68:57 Chain Mail Armor
69:12 Ring Archer Armor
dragonslilver
11:04 Feudal Age
15:27 Castle Age
14:19 Double-Bit Axe
14:25 Horse Collar
16:22 Bow Saw
17:12 Loom
18:32 Wheelbarrow
18:03 Heavy Plow
20:48 Stone Mining
20:52 Gold Mining
22:55 Hand Cart
25:31 Town Watch
26:08 Fletching
29:40 Imperial Age
27:21 Padded Archer Armor
28:01 Ballistics
28:07 Bodkin Arrow
28:58 Leather Archer Armor
31:05 Conscription
31:06 Bracer
32:20 Chemistry
31:57 Yeomen
32:51 Ring Archer Armor
33:11 Elite Longbowman
35:20 Masonry
36:25 Pikeman
37:06 Squires
37:24 Halberdier
38:40 Gambesons
38:58 Scale Mail Armor
39:08 Forging
39:36 Coinage
40:15 Warwolf
43:23 Banking
42:55 Caravan
48:18 Guilds
52:08 Gold Shaft Mining
60:03 Heavy Scorpion
70:48 Siege Engineers
71:14 Architecture
grilopse
10:49 Loom
13:20 Feudal Age
17:49 Castle Age
22:08 Double-Bit Axe
26:24 Gold Mining
28:33 Wheelbarrow
30:31 Imperial Age
29:22 Bow Saw
29:00 Horse Collar
31:19 Hand Cart
34:13 Elite Steppe Lancer
36:55 Scale Barding Armor
52:27 Heavy Rocket Cart
58:46 Light Cavalry
59:56 Bloodlines
61:11 Chain Barding Armor
61:01 Forging
72:03 Hussar
Elite Viking
9:38 Loom
11:23 Feudal Age
12:16 Horse Collar
12:22 Double-Bit Axe
18:49 Castle Age
17:10 Fletching
17:17 Champi Runner
19:56 Bow Saw
19:48 Heavy Plow
21:43 Forging
21:09 Champi Warrior
22:43 Scale Mail Armor
24:31 Wheelbarrow
25:54 Hand Cart
25:42 Town Watch
26:57 Bodkin Arrow
28:18 Ballistics
28:34 Gold Mining
28:50 Padded Archer Armor
29:56 Elite Skirmisher
34:55 Imperial Age
33:27 Gold Shaft Mining
35:10 Leather Archer Armor
36:26 Ring Archer Armor
36:58 Chemistry
36:01 Town Patrol
36:42 Malon
37:40 Caravan
38:34 Conscription
40:33 Butalmapu
41:36 Masonry
42:09 Pikeman
42:38 Halberdier
43:52 Chain Mail Armor
45:25 Siege Engineers
44:59 Elite Kona
46:28 Iron Casting
46:26 Plate Mail Armor
47:55 Iron Casting
61:07 Elite Bolas Rider
63:46 Iron Casting
70:22 Onager
Reaps
17:48 Feudal Age
18:17 Town Watch
19:16 Wheelbarrow
18:49 Horse Collar
19:28 Town Watch
22:19 Double-Bit Axe
22:27 Gold Mining
22:27 Stone Mining
27:19 Castle Age
28:29 Hand Cart
28:21 Squires
29:03 Heavy Plow
31:04 Bow Saw
32:38 Caravan
33:18 Town Patrol
33:33 Anarchy
42:30 Forging
42:20 Scale Mail Armor
44:43 Chain Mail Armor
47:26 Pikeman
49:41 Town Patrol
59:02 Ballistics
68:24 Masonry
THmasterchief
9:06 Loom
13:07 Feudal Age
14:38 Double-Bit Axe
17:55 Horse Collar
23:32 Castle Age
24:48 Caravan
24:44 Stone Mining
27:05 Bow Saw
26:57 Heavy Plow
36:56 Imperial Age
35:43 Wheelbarrow
35:00 Gold Mining
35:47 Stone Shaft Mining
37:11 Hand Cart
36:46 Pikeman
37:27 Squires
39:28 Conscription
39:46 Hoardings
40:13 Halberdier
40:19 Elite Conquistador
44:30 Padded Archer Armor
44:24 Fletching
46:52 Leather Archer Armor
46:33 Bodkin Arrow
49:26 Bracer
49:58 Ring Archer Armor
51:01 Ballistics
53:51 Town Watch
54:53 Masonry
54:42 Murder Holes
55:59 Chemistry
56:23 Architecture
60:21 Supremacy
Connection lost

Rejoining the realm…

Still unreachable

The connection could not be restored.

Session expired

The server has moved on; the page needs a fresh start.